Map: New Repugnancy LE

Players

ShoWTimE

  • Race: Protoss Protoss
  • League: Grandmaster
  • Spawn Location: 7:00

Lambo - Winner!

  • Race: Zerg Zerg
  • League: Master
  • Spawn Location: 1:00

Event: 2019 WCS Winter Europe

VOD

Have the link to the VOD?

Description

Time

  • Played on: March 23, 2019, 11 a.m.
  • Length: 5:52

All games in this series

Show
View Real Time Build Order
Export as new Build Order

ShoWTimE Protoss 

Build Orders: 1 Gate Expand 

Get SALT Encoding   

  12  0:00  Probe  
  13  0:12  Probe  
  14  0:18  Pylon  
  14  0:24  Probe  
  15  0:32  Probe  
  15  0:40  Probe, Gateway  
  16  0:46  Assimilator  
  17  0:51  Probe  
  18  1:03  Probe  
  19  1:15  Probe  
  20  1:26  Nexus  
  20  1:33  Cybernetics Core  
  20  1:36  Probe  
  21  1:41  Assimilator  
  21  1:48  Probe  
  21  1:52  Pylon  
  22  2:00  Stalker, Probe  
  23  2:12  Probe  
  26  2:16  Warp Gate  
  26  2:24  Probe  
  26  2:25  Twilight Council  
  27  2:30  Adept, Resonating Glaives  
  27  2:35  Probe  
  29  2:39  Probe  
  29  2:42  Pylon  
  29  2:43  Probe  
  31  2:51  Probe  
  33  2:54  Probe  
  34  3:06  Gateway  
  35  3:14  Gateway  
  35  3:23  Probe, Gateway  
  35  3:27  Gateway  
  35  3:30  Probe  
  36  3:37  Probe  
  37  3:42  Probe  
  37  3:47  Robotics Facility  
  38  3:49  Probe  
  38  3:54  Assimilator, Probe  
  40  3:58  Pylon  
  37  4:04  Stalker x2  
  34  4:17  Stalker  
  34  4:28  Pylon  
  34  4:32  Immortal  
  34  4:34  Pylon  
  34  4:39  Pylon  
Show
View Real Time Build Order
Export as new Build Order

Lambo Zerg - Winner!

Build Orders: Hatch First 

Get SALT Encoding   

  12  0:00  Drone  
  13  0:12  Overlord  
  13  0:16  Drone  
  14  0:31  Drone x2  
  16  0:48  Hatchery  
  15  0:52  Drone  
  15  0:55  Drone  
  17  1:00  Drone  
  18  1:11  Drone  
  18  1:14  Extractor  
  18  1:20  Spawning Pool  
  18  1:25  Drone  
  18  1:28  Drone  
  19  1:41  Drone  
  20  1:51  Hatchery  
  19  1:55  Drone  
  20  2:07  Zergling x4  
  22  2:11  Queen  
  24  2:17  Metabolic Boost  
  24  2:19  Drone  
  25  2:23  Drone  
  25  2:28  Drone  
  27  2:30  Drone  
  28  2:38  Roach Warren  
  27  2:46  Drone  
  27  2:47  Overlord  
  28  3:02  Queen  
  28  3:03  Overlord  
  28  3:04  Zergling x2  
  31  3:07  Zergling x4  
  33  3:19  Roach x2  
  37  3:24  Zergling x6  
  37  3:27  Roach  
  42  3:35  Zergling x4  
  42  3:36  Roach  
  42  3:40  Ravager  
  47  3:44  Zergling x4  
  47  3:45  Overlord  
  49  3:55  Zergling x2  
  48  4:04  Drone  
  48  4:05  Zergling x8  
  52  4:13  Zergling x2  
  52  4:14  Zergling x6  
  54  4:19  Zergling x2  
  54  4:20  Zergling x4  
  56  4:28  Zergling x2  
  56  4:30  Zergling x2  
  55  4:37  Ravager, Zergling x2  
  56  4:40  Queen  
  56  4:41  Overlord  
  56  4:47  Zergling x2  
  57  4:52  Zergling x2  
  57  4:53  Zergling x2  
Tags
 
Add a new tag
Caveats
  • Supply blocks, unpowered buildings, or Contaminate may cause inaccurate times.
  • Supply counts are checked every 10 seconds.